 Dungeon Crawl Stone Soup version 0.28.0 (webtiles) character file.

Game seed: 11460352290310503827

59 sanka the Magician (level 3, 0/20 HPs)
             Began as a Deep Elf Transmuter on Feb 8, 2022.
             Slain by an orc (3 damage)
             ... on level 2 of the Dungeon.
             The game lasted 00:01:58 (2382 turns).

sanka the Magician (Deep Elf Transmuter)            Turns: 2382, Time: 00:01:59

Health: 0/20       AC:  3    Str:  7    XL:     3   Next: 78%
Magic:  11/12      EV: 12    Int: 19    God:
Gold:   42         SH:  0    Dex: 15    Spells: 9/13 levels left

rFire   . . .      SeeInvis .     - Unarmed
rCold   . . .      Faith    .   (no shield)
rNeg    . . .      Spirit   .   a - +0 robe
rPois   .          Reflect  .   h - +0 helmet
rElec   .          Harm     .   (no cloak)
rCorr   .          Rampage  .   (no gloves)
Will    .....                   (no boots)
Stlth   +.........              (no amulet)
HPRegen 0.06/turn               (no ring)
MPRegen 0.13/turn               (no ring)

@: no status effects
A: no striking features
a: no special abilities


You were on level 2 of the Dungeon.
You visited 1 branch of the dungeon, and saw 2 of its levels.

You collected 42 gold pieces.

Inventory:

Armour
 a - a +0 robe (worn)
 h - a +0 helmet (worn)
Scrolls
 b - a scroll of noise {unknown}
 c - a scroll of blinking {unknown}
 e - 2 scrolls of fog {unknown}
 g - a scroll of silence {unknown}
Potions
 d - a potion of attraction {unknown}
 f - a potion of curing {unknown}


   Skills:
 - Level 0.7 Fighting
 - Level 2.4 Dodging
 - Level 2.4 Unarmed Combat
 + Level 5.7 Spellcasting
 - Level 2.1 Transmutations


You had 9 spell levels left.
You knew the following spells:

 Your Spells              Type           Power      Damage    Failure   Level
a - Beastly Appendage     Tmut           26%        N/A       4%          1
b - Spider Form           Tmut/Pois      9%         N/A       22%         3

Your spell library contained the following spells:

 Spells                   Type           Power      Damage    Failure   Level
 Wereblood                Tmut           13%        N/A       7%          2
 Ice Form                 Ice/Tmut       9%         N/A       58%         4


Dungeon Overview and Level Annotations

Branches:
Dungeon (2/15)

Altars:


Message History

The kobold is severely wounded.
An orc comes into view. It is wielding a +0 dagger.
The kobold completely misses you.
You closely miss the kobold.
The orc shouts!
Your kick misses the kobold.
The kobold is severely wounded.
You closely miss the kobold. Your kick misses the kobold.
You headbutt the kobold.
You kill the kobold!
Things that are here:
a +0 short sword; a kobold corpse Your transformation is almost over.
The orc misses you.
You see here 10 stones.
Casting: Beastly Appendage (safe; 4% risk of failure)
Confirm with . or Enter, or press ? or * to list all spells.
The spell is extremely dangerous to miscast (22% risk of failure)!
Continue anyway?
You miscast Spider Form.
You are very lightly contaminated with residual magic.
You feel incredibly sick!
You are poisoned.
You feel sick. The orc hits you with a +0 dagger.
* * * LOW HITPOINT WARNING * * *
Unknown command.
You are too injured to fight recklessly!
You feel sick.
You feel sick.
Things that are here:
a +0 short sword; a kobold corpse You feel sick.
You feel sick.
You are no longer poisoned.
The orc closely misses you.
Your horns disappear.
Your talons disappear.
Your +0 helmet unmelds from your body.
Your magical contamination has completely faded away.
There is an escape hatch in the ceiling here.
The orc hits you with a +0 dagger.
You die...

#.......###.....###........#.##.
#........#...#...#..#..#####.##.
#...........###..............##.
#.......#..## ##..###...#######.
##......###..###..###............
.'(......#....##.#.#.............
##........######.#o.......#......
#........# #o#.....#.........
########## #@#........#.####.
#.#....###.#.# #. #.#....# #....
#> #.#....# ###.# .. #.#.#+## .#.
#.#.# #.#.# #.#)# #.#


You could see an orc.

Vanquished Creatures
  Robin (D:2)
  An adder (D:2)
  3 dart slugs (D:1)
  10 goblins
  4 hobgoblins
  A quokka (D:1)
  4 ball pythons (D:2)
  3 bats (D:1)
  3 frilled lizards
  3 kobolds
  A rat (D:2)
34 creatures vanquished.

Notes
Turn   | Place    | Note
-------+----------+-------------------------------------------
     0 | D:1      | sanka the Deep Elf Transmuter began the quest for the Orb.
     0 | D:1      | Reached XP level 1. HP: 11/11 MP: 6/6
   613 | D:1      | Reached skill level 4 in Spellcasting
   613 | D:1      | Reached XP level 2. HP: 16/16 MP: 7/9
  1637 | D:2      | Found a faded altar of an unknown god.
  1761 | D:2      | Reached skill level 5 in Spellcasting
  1761 | D:2      | Reached XP level 3. HP: 12/20 MP: 8/11
  1944 | D:2      | Learned a level 3 spell: Spider Form
  2122 | D:2      | Noticed Robin
  2137 | D:2      | Killed Robin
  2382 | D:2      | Slain by an orc

Illustrated notes

Levels and vault maps discovered:
D:1:      lightli_iron_boxes, layout_basic
D:2:      layout_basic, basic_altar, nicolae_ecumenical_snake_handling,
          guppyfry_early_orc_mine, uniq_robin

Skill      XL: |  1  2 |
---------------+-------+-----
Spellcasting   | 4 5 |  5.7
Fighting       | |  0.7
Dodging        | |  2.4
Unarmed Combat | |  2.4
Transmutations | |  2.1

Action                   || total
-------------------------++-------
Melee: Unarmed           ||    92
       Kick              ||    15
       Punch             ||     6
       Headbutt          ||    13
 Cast: Beastly Appendage ||    20
       Spider Form       ||     1
Armor: Robe              ||    12
       Skin              ||     1
Dodge: Dodged            ||    52
